 Dungeon Crawl Stone Soup version 0.19.1 (webtiles) character file.

3131 Firecrotchwizard the Fighter (level 9, -1/85 HPs)
             Began as a Hill Orc Fighter on Dec 13, 2016.
             Was an Initiate of Beogh.
             Succumbed to an orc wizard's poison
             ... on level 8 of the Dungeon.
             The game lasted 00:16:23 (7635 turns).

Firecrotchwizard the Fighter (Hill Orc Fighter)     Turns: 7635, Time: 00:16:23

Health: -1/85      AC: 19    Str: 20    XL:     9   Next: 92%
Magic:  9/9        EV:  8    Int:  8    God:    Beogh [......]
Gold:   496        SH: 11    Dex: 12    Spells: 0 memorised, 8 levels left

rFire  . . .     SeeInvis .     N - +3 flail
rCold  . . .     Gourm    .     y - +0 plate armour
rNeg   . . .     Faith    .     c - +1 shield
rPois  +         Spirit   .     A - +0 helmet
rElec  .         Reflect  .     r - +2 cloak
rCorr  .         Harm     +     (no gloves)
MR     .....                    I - +0 pair of boots
Stlth  ..........               e - amulet of harm
                                s - +4 ring of evasion
                                F - ring of poison resistance

@: lethally poisoned (-1 -> -22)
A: no striking features
a: Renounce Religion


You were on level 8 of the Dungeon.
You worshipped Beogh.
Beogh was noncommittal.
You were hungry.

You visited 2 branches of the dungeon, and saw 9 of its levels.

You collected 496 gold pieces.

Inventory:

Hand Weapons
 a - a +1 flail
 B - a +0 dire flail
 N - a +3 flail (weapon)
 O - a +2 flail
Missiles
 q - 7 javelins (quivered)
Armour
 b - a +0 scale mail
 c - a +1 shield (worn)
 r - a +2 cloak (worn)
 y - a +0 plate armour (worn)
 A - a +0 helmet (worn)
 I - a +0 pair of boots (worn)
Jewellery
 e - an amulet of harm (around neck)
 s - a +4 ring of evasion (right hand)
 x - an uncursed ring of wizardry
 F - a ring of poison resistance (left hand)
 Q - an uncursed ring of resist corrosion
Wands
 d - a wand of polymorph (9/24)
 C - a wand of polymorph (12/24)
 R - a wand of flame (20/48)
Scrolls
 k - 4 scrolls of identify
 o - a scroll of enchant weapon
 D - 2 scrolls of magic mapping
 E - 5 scrolls of teleportation
 H - 2 scrolls of enchant armour
 J - a scroll of remove curse
 M - a scroll of immolation {unknown}
Potions
 h - 3 potions of agility
 j - a potion of heal wounds {unknown}
 m - 3 potions of resistance
 n - a potion of mutation {unknown}
 t - a potion of curing {unknown}
 u - a potion of ambrosia {unknown}
 v - a potion of degeneration {unknown}
 w - 2 potions of berserk rage
 z - 2 potions of brilliance {unknown}
 G - 2 potions of cure mutation
 K - 2 potions of lignification {unknown}
 L - a potion of beneficial mutation {unknown}
Comestibles
 f - 4 bread rations
 g - 3 meat rations
 i - 2 beef jerkies
 l - 4 fruits
 p - a slice of pizza


   Skills:
 * Level 9.7 Fighting
 * Level 9.0 Maces & Flails
 + Level 7.1 Armour
 + Level 6.9 Shields


You had 8 spell levels left.
You didn't know any spells.

Dungeon Overview and Level Annotations

Branches:
Dungeon (8/15)             Temple (1/1) D:6
   Lair: D:8-11

Altars:
Ashenzari
Cheibriados
Dithmenos
Elyvilon
Fedhas
Gozag
Kikubaaqudgha
Makhleb
Nemelex Xobeh
Ru
Sif Muna
Trog
Uskayaw
Vehumet
Xom
Yredelemnul
Zin

Shops:
D:5 }   D:7 (


Message History

The orc wizard casts a spell at you. The puff of flame hits you!
You bump into the rock wall.
* * * LOW HITPOINT WARNING * * *
You feel sick.
The orc wizard hits you but does no damage.
You closely miss the orc wizard.
The orc wizard is severely wounded.
* * * LOW HITPOINT WARNING * * *
You feel sick.
The orc wizard casts a spell.
The orc wizard flickers and vanishes!
Deactivating autopickup; reactivate with Ctrl-A.
You bump into the rock wall.
* * * LOW HITPOINT WARNING * * *
You feel sick. Something hits you but does no damage.
You are more poisoned.
You closely miss something.
You feel less confused.
You die...

##...............o.
......)..o.#.### .#
.#......##.#.# .# # #
.#..######.#.####o##.#.#
.#......................
....######.#.####K......
.....# #.#.#.)K{K.....
.> .....#
#.#.#(#####.#.. ##
.#.#.# #.#.(.{@.......
.#.#.# #.#.#.#####.#..
.#.#.#####.#.....
..........########
####.###### #.# #.# #.#
#.#


There were no monsters in sight!

Vanquished Creatures
  A hornet (D:8)
  Grinder (D:3)
  The ghost of Chaoticas the Caller, an amateur TeSu (D:5)
  An orc warrior (D:8)
  A black bear (D:7)
  A sky beast (D:6)
  2 ice beasts
  A phantom (D:4)
  2 ogres
  4 centaurs
  A big kobold (D:8)
  A bullfrog (D:7)
  3 killer bees (D:7)
  9 wights
  A howler monkey (D:6)
  3 jellies
  5 crimson imps
  A centaur zombie (D:7)
  5 orc wizards
  An orc priest (D:8)
  3 hounds
  An iguana (D:5)
  3 worker ants
  4 gnolls (D:4)
  4 adders
  2 shadow imps
  2 adder zombies
  An adder skeleton (D:6)
  3 worms
  2 dart slugs
  6 leopard geckos
  25 orcs
  5 giant cockroaches
  8 hobgoblins
  8 jackals (D:3)
  11 kobolds
  A quokka (D:3)
  2 ball pythons
  6 bats
  6 frilled lizards
  5 goblins (D:3)
  2 jackal skeletons
  A leopard gecko zombie (D:7)
  A quokka skeleton (D:6)
  7 rats
164 creatures vanquished.

Notes
Turn   | Place    | Note
-------+----------+-------------------------------------------
     0 | D:1      | Firecrotchwizard the Hill Orc Fighter began the quest for the Orb.
     0 | D:1      | Reached XP level 1. HP: 19/19 MP: 1/1
   183 | D:1      | Reached XP level 2. HP: 22/27 MP: 2/2
   598 | D:2      | Found a sacrificial altar of Ru.
   643 | D:2      | Reached XP level 3. HP: 10/33 MP: 3/3
   892 | D:2      | Found a white marble altar of Elyvilon.
   978 | D:2      | Found a radiant altar of Vehumet.
  1154 | D:2      | Found a faded altar of an unknown god.
  1723 | D:3      | Reached XP level 4. HP: 36/40 MP: 4/4
  2082 | D:3      | Reached XP level 5. HP: 47/47 MP: 5/5
  2158 | D:3      | Found a faded altar of an unknown god.
  2158 | D:3      | Found a faded altar of an unknown god.
  2166 | D:3      | Found a sparkling altar of Nemelex Xobeh.
  2168 | D:3      | Found a faded altar of an unknown god.
  2170 | D:3      | Found a faded altar of an unknown god.
  2333 | D:3      | Noticed Grinder
  2337 | D:3      | Paralysed by Grinder for 6 turns
  2411 | D:3      | Paralysed by Grinder for 6 turns
  2422 | D:3      | Paralysed by Grinder for 4 turns
  2426 | D:3      | Killed Grinder
  2426 | D:3      | Reached skill level 5 in Fighting
  2426 | D:3      | Reached XP level 6. HP: 8/56 MP: 6/6
  3041 | D:4      | Found a shattered altar of Ashenzari.
  3074 | D:4      | Reached skill level 5 in Maces & Flails
  3531 | D:4      | Reached XP level 7. HP: 30/62 MP: 7/7
  4247 | D:5      | Entered Level 5 of the Dungeon
  4569 | D:5      | HP: 1/64 [ice beast (16)]
  4572 | D:5      | Reached skill level 5 in Shields
  4877 | D:5      | Found Linnavvi's Gadget Boutique.
  4895 | D:5      | Reached skill level 5 in Armour
  4895 | D:5      | Reached XP level 8. HP: 57/71 MP: 8/8
  5007 | D:5      | Noticed Chaoticas's ghost (amateur TeSu)
  5018 | D:5      | Killed Chaoticas's ghost
  5046 | D:5      | Found a glowing silver altar of Zin.
  5416 | D:6      | Found a staircase to the Ecumenical Temple.
  5444 | Temple   | Entered the Ecumenical Temple
  6096 | D:7      | Reached XP level 9. HP: 82/82 MP: 9/9
  6435 | D:7      | Found Inevvyca's Weapon Shop.
  7244 | D:8      | Noticed a hornet
  7254 | D:8      | Killed a hornet
  7514 | D:8      | Became a worshipper of Beogh the Brigand
  7632 | D:8      | HP: 3/85 [poisoned by an orc wizard]
  7634 | D:8      | HP: 1/85 [poisoned by an orc wizard]
  7635 | D:8      | Succumbed to an orc wizard's poison

Skill      XL: |  1  2  3  4  5  6  7  8  9 |
---------------+----------------------------+-----
Maces & Flails | 3 4 5 6 7 9 |  9.0
Fighting       | 4 5 6 8 9 |  9.7
Armour         | 4 5 6 7 |  7.1
Shields        | 4 5 6 |  6.9

Action                   |  1- 3 |  4- 6 |  7- 9 || total
-------------------------+-------+-------+-------++-------
Melee: Flail             |   150 |   156 |   428 ||   734
       Unarmed           |       |     4 |       ||     4
Throw: Javelin           |       |     3 |     2 ||     5
Invok: Convert to Beogh  |       |       |     1 ||     1
  Use: Potion            |       |     1 |       ||     1
       Scroll            |       |     7 |     6 ||    13
  Eat: Chunk             |     3 |     4 |    12 ||    19
       Pizza             |       |     1 |     1 ||     2
Armor: Scale mail        |    92 |    44 |       ||   136
       Skin              |       |     1 |       ||     1
       Plate armour      |       |    62 |   213 ||   275
Dodge: Dodged            |    71 |    36 |   103 ||   210
Block: Shield            |   109 |   128 |   267 ||   504
